 Dungeon Crawl Stone Soup version 0.20.1-1-g8b1a95d (webtiles) character file.

1731 Irenicus the Cleaver (level 8, -1/69 HPs)
             Began as a Deep Dwarf Monk on Oct 28, 2017.
             Was a Believer of Makhleb.
             Slain by a wight
             ... wielding a cursed +5 great sword
              (15 damage)
             ... on level 6 of the Dungeon.
             The game lasted 00:20:59 (4313 turns).

Irenicus the Cleaver (Deep Dwarf Monk)              Turns: 4313, Time: 00:20:59

Health: -1/69      AC: 10    Str: 14    XL:     8   Next: 76%
Magic:  7/7        EV: 13    Int: 12    God:    Makhleb [**....]
Gold:   116        SH:  0    Dex: 17    Spells: 7/7 levels left

rFire    + . .     SeeInvis .   a - +0 hand axe
rCold    . . .     Gourm    .   (no shield)
rNeg     + . .     Faith    .   f - +1 ring mail {rPois}
rPois    +         Spirit   .   k - +2 helmet
rElec    .         Reflect  .   E - scarf {repulsion}
rCorr    .         Harm     .   (no gloves)
MR       +....                  e - +0 pair of boots
Stlth    ++........             u - amulet of magic regeneration
Regen    0.0/turn               r - ring of positive energy
MPRegen  0.2/turn               J - ring of protection from fire

@: non-regenerating, repel missiles
A: damage resistance, heal wounds, sense surroundings 1, no regeneration
a: Heal Wounds, Minor Destruction, Renounce Religion


You were on level 6 of the Dungeon.
You worshipped Makhleb.
Makhleb was pleased with you.
You were not hungry.

You visited 2 branches of the dungeon, and saw 7 of its levels.
You also visited: Ossuary.

You collected 300 gold pieces.
You spent 184 gold pieces at shops.

Inventory:

Hand Weapons
 a - a +0 hand axe (weapon)
 z - the +7 dagger of Symmetry {drain, Str+2 SInv}
   (You found it on level 4 of the Dungeon)

   A truly terrible weapon, it drains the life of those it strikes.
   It affects your strength (+2).
   It lets you see invisible.
Missiles
 i - 7 tomahawks of returning (quivered)
Armour
 e - a +0 pair of boots (worn)
 f - a +1 ring mail of poison resistance (worn)
 k - a +2 helmet (worn)
 E - a scarf of repulsion (worn)
Jewellery
 r - a ring of positive energy (left hand)
 u - an amulet of magic regeneration (around neck)
 F - an uncursed ring of wizardry
 J - a ring of protection from fire (right hand)
Wands
 l - a wand of polymorph (5/24)
 y - a wand of polymorph (15/24)
 B - a wand of polymorph (5/24)
 C - a wand of flame (0/48)
Scrolls
 h - 4 scrolls of identify
 j - 3 scrolls of remove curse
 m - a scroll of blinking
 p - 2 scrolls of magic mapping
 q - 2 scrolls of recharging {unknown}
 v - a scroll of teleportation
 w - 2 scrolls of enchant armour {unknown}
 G - a scroll of amnesia {unknown}
 H - a scroll of immolation {unknown}
Potions
 b - a potion of invisibility
 d - 7 potions of haste
 g - 5 potions of mutation
 n - a potion of brilliance
 s - 2 potions of might
 x - 3 potions of curing
Books
 I - a book of Callings

   Spells                             Type                      Level
   a - Summon Small Mammal            Summoning                    1
   b - Call Imp                       Summoning                    2
   c - Call Canine Familiar           Summoning                    3
   d - Summon Guardian Golem          Hexes/Summoning              3
   e - Summon Lightning Spire         Summoning/Air                4
   f - Summon Ice Beast               Ice/Summoning                4
Comestibles
 c - 8 bread rations
 o - 4 royal jellies
 t - a meat ration
 A - 3 fruits


   Skills:
 - Level 3.0 Fighting
 + Level 12.0 Axes
 - Level 4.0 Dodging
 - Level 3.2 Stealth


You had 7 spell levels left.
You didn't know any spells.

Dungeon Overview and Level Annotations

Branches:
Dungeon (6/15)             Temple (1/1) D:5

Altars:
Ashenzari
Cheibriados
Dithmenos
Elyvilon
Fedhas
Gozag
Hepliaklqana
Kikubaaqudgha
Makhleb
Nemelex Xobeh
Okawaru
Qazlal
Ru
Sif Muna
Trog
Uskayaw
Vehumet
Xom
Yredelemnul
Zin
The Shining One

Shops:
D:4 [


Innate Abilities, Weirdness & Mutations

You are resistant to damage.
You can heal yourself by infusing magical energy.
You passively map a small area around you.
You do not regenerate.


Message History

The wight is moderately damaged.
You hit the wight.
The wight is heavily damaged.
The wight hits you but does no damage.
You hit the wight but do no damage.
The wight is heavily damaged.
You hit the wight but do no damage.
The wight is heavily damaged.
The wight hits you with an enchanted great sword.
* * * LOW HITPOINT WARNING * * *
You hit the wight but do no damage.
The wight is heavily damaged.
You hit the wight but do no damage.
The wight is heavily damaged.
The wight hits you with an enchanted great sword!
* * * LOW HITPOINT WARNING * * *
Okay, then.
You fail to use your ability.
The wight hits you with an enchanted great sword!
You die...

*## ###########.##
### ##..#.........##
##.# #..............#
#..# #..............#
##..#
#..............#
#...#
*#.....@......#*
#..## #......z....##
##..# ##........###
#...#
##.....#.######..##
##.####.........#####
##* #.....###....##
*#.##..# ####...
#......#* ###.
*#.......# ##


You could see a wight.

Vanquished Creatures
  Sigmund (D:2)
  An ice beast (D:4)
  A phantom (D:4)
  An ogre (D:5)
  3 centaurs (D:5)
  9 scorpions
  2 centaur zombies (Ossuary)
  3 human zombies (Ossuary)
  A hound (D:2)
  2 orc priests (D:6)
  A bullfrog skeleton (D:4)
  Jessica (D:2)
  3 orc wizards (D:6)
  3 worker ants
  A hound zombie (D:5)
  4 mummies
  Robin (D:2)
  7 adders
  3 scorpion zombies (Ossuary)
  3 oozes
  An adder skeleton (D:4)
  2 worms
  2 dart slugs
  6 leopard geckos
  7 orcs
  4 bats
  3 giant cockroaches
  6 hobgoblins
  4 kobolds
  2 quokkas
  2 frilled lizards
  2 gnoll zombies (Ossuary)
  11 goblins
  A goblin zombie (Ossuary)
  2 kobold zombies (Ossuary)
  A leopard gecko skeleton (D:4)
  4 orc zombies (Ossuary)
  7 rats
118 creatures vanquished.

Vanquished Creatures (others)
  A scorpion (Ossuary)
  A leopard gecko (D:4)
  An orc (D:4)
  A giant cockroach (D:4)
4 creatures vanquished.

Grand Total: 122 creatures vanquished

Notes
Turn   | Place    | Note
-------+----------+-------------------------------------------
     0 | D:1      | Irenicus the Deep Dwarf Monk began the quest for the Orb.
     0 | D:1      | Reached XP level 1. HP: 20/20 MP: 1/1
   450 | D:1      | Reached XP level 2. HP: 18/27 MP: 2/2
   741 | D:2      | Noticed Robin
   767 | D:2      | Reached XP level 3. HP: 22/34 MP: 3/3
   772 | D:2      | Killed Robin
   811 | D:2      | Reached skill level 4 in Axes
   837 | D:2      | Reached XP level 4. HP: 39/42 MP: 3/3
   870 | D:2      | Noticed Jessica
   891 | D:2      | Killed Jessica
   937 | D:2      | Reached skill level 5 in Axes
  1050 | D:2      | Noticed Sigmund
  1068 | D:2      | Killed Sigmund
  1068 | D:2      | Reached skill level 6 in Axes
  1068 | D:2      | Reached XP level 5. HP: 37/49 MP: 4/4
  1068 | D:2      | Reached XP level 6. HP: 42/56 MP: 5/5
  1639 | D:3      | Reached skill level 7 in Axes
  2069 | D:4      | Noticed an ice beast
  2202 | D:4      | Killed an ice beast
  2245 | D:4      | Found a shimmering altar of Xom.
  2254 | D:4      | Reached skill level 8 in Axes
  2259 | D:4      | Reached XP level 7. HP: 25/62 MP: 6/6
  2368 | D:4      | Found a sand-covered staircase.
  2382 | Ossuary  | Entered an ossuary
  2463 | Ossuary  | Reached skill level 9 in Axes
  2702 | Ossuary  | Reached skill level 10 in Axes
  2732 | Ossuary  | Reached XP level 8. HP: 21/69 MP: 7/7
  3009 | D:4      | Got a translucent dagger
  3010 | D:4      | Identified the +7 dagger of Symmetry {drain, Str+2 SInv} (You found it on level 4 of the Dungeon)
  3353 | D:4      | Found Inylutayt's Antique Armour Shoppe.
  3418 | D:4      | Bought a runed scarf for 184 gold pieces
  3601 | D:5      | Entered Level 5 of the Dungeon
  3684 | D:5      | Reached skill level 11 in Axes
  3823 | D:5      | Found a staircase to the Ecumenical Temple.
  3832 | Temple   | Entered the Ecumenical Temple
  3869 | Temple   | Became a worshipper of Makhleb the Destroyer
  3869 | Temple   | Reached * piety under Makhleb
  3869 | Temple   | Reached ** piety under Makhleb
  4156 | D:6      | Reached skill level 12 in Axes
  4200 | D:6      | Found a blossoming altar of Fedhas.
  4313 | D:6      | Slain by a wight

Skill      XL: |  1  2  3  4  5  6  7  8 |
---------------+-------------------------+-----
Fighting       | 3 |  3.0
Axes           | 4 6 8 10 12 | 12.0
Dodging        | 4 |  4.0
Stealth        | 3 |  3.2

Action                   |  1- 3 |  4- 6 |  7- 9 || total
-------------------------+-------+-------+-------++-------
Melee: Hand axe          |    64 |   173 |   499 ||   736
Throw: Tomahawk          |     3 |     4 |     8 ||    15
 Abil: Heal Wounds       |     2 |     3 |     5 ||    10
Evoke: Wand              |     2 |     2 |     2 ||     6
  Use: Potion            |     2 |     3 |     4 ||     9
       Scroll            |       |     5 |     6 ||    11
 Stab: Sleeping          |     5 |     8 |     2 ||    15
  Eat: Chunk             |       |     4 |     3 ||     7
       Meat ration       |       |       |     1 ||     1
Armor: Robe              |    13 |    27 |       ||    40
       Leather armour    |       |    14 |    29 ||    43
       Ring mail         |       |       |    65 ||    65
       Skin              |       |       |     7 ||     7
Dodge: Dodged            |    43 |    94 |   191 ||   328
       Deflected         |       |       |     3 ||     3
